 Dungeon Crawl Stone Soup version 0.28-a0-1613-gdaab1c2f9b (webtiles) character file.

Game seed: 3017474764120273661

7689 Essalna the Destroyer (level 11, 0/88 HPs)
             Began as a Black Draconian Conjurer on Jan 21, 2022.
             Was an Initiate of Yredelemnul.
             Slain by a +1 scimitar of chaos (7 damage)
             ... on level 9 of the Dungeon.
             The game lasted 00:25:56 (14480 turns).

Essalna the Destroyer (Black Draconian Conjurer)   Turns: 14480, Time: 00:25:57

Health: 0/88       AC:  8    Str: 12    XL:     11   Next: 0%
Magic:  23/23      EV: 12    Int: 34    God:    Yredelemnul [......]
Gold:   644        SH:  4    Dex: 10    Spells: 16/27 levels left

rFire   . . .      SeeInvis .   b - staff of earth
rCold   . . .      Faith    .   g - +0 buckler
rNeg    . . .      Spirit   .   (armour unavailable)
rPois   .          Reflect  .   (helmet restricted)
rElec   +          Harm     .   (no cloak)
rCorr   .          Rampage  .   x - +0 pair of gloves
Will    .....                   (no boots)
Stlth   ++........              (no amulet)
HPRegen 0.24/turn               k - +6 ring of intelligence
MPRegen 0.18/turn               y - +6 ring of intelligence

@: about to teleport, flying
A: breathe lightning, AC +7, unfitting armour, electricity resistance,
cold-blooded, big wings, strong 1
a: Breathe Lightning, Renounce Religion, Recall Undead Harvest


You were on level 9 of the Dungeon.
You worshipped Yredelemnul.
Yredelemnul was noncommittal.
You visited 2 branches of the dungeon, and saw 11 of its levels.

You collected 644 gold pieces.

Inventory:

Missiles
 v - a throwing net
Armour
 g - a +0 buckler (worn)
 x - a +0 pair of gloves (worn)
Magical Staves
 b - a staff of earth (weapon)
Jewellery
 f - a +4 ring of evasion
 k - a +6 ring of intelligence (left hand)
 y - a +6 ring of intelligence (right hand)
 A - a ring of poison resistance
 D - a ring of resist corrosion
 E - a ring of fire
Wands
 a - a wand of digging (3)
 n - a wand of polymorph (6)
 t - a wand of flame (14)
 B - a wand of iceblast (2)
Scrolls
 c - 10 scrolls of identify {unknown}
 h - a scroll of noise
 j - 4 scrolls of teleportation
 l - a scroll of vulnerability {unknown}
 p - 2 scrolls of silence {unknown}
 q - 2 scrolls of fog
 r - 3 scrolls of immolation {unknown}
 u - 4 scrolls of amnesia {unknown}
 w - 4 scrolls of enchant armour {unknown}
Potions
 d - 3 potions of brilliance
 e - 4 potions of flight
 i - 2 potions of berserk rage
 m - 6 potions of curing {unknown}
 o - a potion of degeneration {unknown}
 s - 2 potions of resistance {unknown}
 z - a potion of ambrosia {unknown}
 C - a potion of magic {unknown}


   Skills:
 + Level 5.2 Fighting
 + Level 4.8 Dodging
 - Level 1.7 Stealth
 - Level 4.0 Shields
 + Level 8.7 Spellcasting
 - Level 8.7 Conjurations
 + Level 4.7 Ice Magic
 - Level 6.0 Earth Magic


You had 16 spell levels left.
You knew the following spells:

 Your Spells              Type           Power      Damage    Failure   Level
a - Magic Dart            Conj           100%       1d8       1%          1
b - Stone Arrow           Conj/Erth      100%       3d13      1%          3
c - Ozocubu's Refrigerat  Ice            23%        4d9       99%         7

Your spell library contained the following spells:

 Spells                   Type           Power      Damage    Failure   Level
 Sandblast                Erth           100%       2d20      1%          1
 Passwall                 Tmut/Erth      43%        N/A       1%          2
 Searing Ray              Conj           100%       2d8       1%          2
 Static Discharge         Conj/Air       44%        N/A       1%          2
 Conjure Flame            Conj/Fire      44%        6-21      1%          3
 Dazzling Flash           Conj/Hex       88%        N/A       1%          3
 Ozocubu's Armour         Ice            47%        N/A       1%          3
 Fulminant Prism          Conj/Hex       22%        3d13      6%          4
 Iskenderun's Mystic Bla  Conj/Tloc      44%        2d10      6%          4
 Sticky Flame             Conj/Fire      44%        2d6       6%          4
 Ignite Poison            Fire/Tmut/Pois 14%        N/A       12%         3
 Inner Flame              Hex/Fire       14%        N/A       12%         3
 Lightning Bolt           Conj/Air       22%        1d37      19%         5
 Cause Fear               Hex            7%         N/A       36%         4
 Discord                  Hex            7%         N/A       100%        8
 Maxwell's Capacitive Co  Air            7%         ∞         100%        8


Dungeon Overview and Level Annotations

Branches:
Dungeon (10/15)            Temple (1/1) D:7             Orc (0/2) D:9
   Lair: D:8-11

Altars:
Ashenzari
Cheibriados
Dithmenos
Elyvilon
Fedhas
Gozag
Hepliaklqana
Kikubaaqudgha
Makhleb
Nemelex Xobeh
Okawaru
Qazlal
Ru
Sif Muna
Trog
Uskayaw
Vehumet
Wu Jian
Xom
Yredelemnul
Zin
The Shining One

Annotations:
D:9 IndexError's ghost, novice GnSu


Innate Abilities, Weirdness & Mutations

You can breathe wild blasts of lightning.
Your glossy black scales are hard. (AC +7)
You cannot fit into any form of body armour.
You are resistant to electric shocks. (rElec)
You are cold-blooded and may be slowed by cold attacks.
Your large and strong wings let you fly.
Your muscles are strong. (Str +2)


Message History

Gang up on whom?
Press: ? - help, Dir - move target, f - +1 scimitar of chaos
Aim: a +1 scimitar of chaos (ally target) Attack!
You flicker for a moment.
The +1 scimitar of chaos hits your yak zombie!!
Your yak zombie is destroyed!
The +1 scimitar of chaos hits your hornet zombie!
Your hornet zombie flickers and vanishes for a moment.
Your hornet zombie barely misses the +1 scimitar of chaos.
The +1 scimitar of chaos barely misses your hornet zombie.
Your hornet zombie hits the +1 scimitar of chaos.
The +1 scimitar of chaos closely misses your hornet zombie.
Your hornet zombie hits the +1 scimitar of chaos.
The +1 scimitar of chaos hits your hornet zombie!!
The +1 scimitar of chaos burns your hornet zombie!
The +1 scimitar of chaos hits your hornet zombie!
Lightning courses through your hornet zombie!!
Your hornet zombie is destroyed!
The +1 scimitar of chaos hits your yak zombie!
Your yak zombie flickers and vanishes for a moment.
You can no longer trade souls for undead servants.
The +1 scimitar of chaos hits your yak zombie!!
Lightning courses through your yak zombie!
The +1 scimitar of chaos barely misses your yak zombie.
Your yak zombie completely misses the +1 scimitar of chaos.
The +1 scimitar of chaos hits your yak zombie!!
Your yak zombie is destroyed!
You flicker back into view.
The +1 scimitar of chaos hits your yak zombie!!
Your yak zombie convulses!
Your yak zombie is destroyed!
IndexError's ghost gestures wildly while chanting.
You block the +1 scimitar of chaos's attack.
As you read the scroll of teleportation, it crumbles to dust.
You feel strangely unstable. The +1 scimitar of chaos hits you!
* * * LOW HITPOINT WARNING * * *
The +1 scimitar of chaos burns you!
You die...
Your body rises from the dead as a mindless zombie.

##### #.###.##....8)...# #.#
...## #.<.#)#####...#### #.#
°°.°# #.#.#)# ##.######## #.#
☼..°####.#.#)# #........####.#
§§§°##...#.#.# #####............#
...#####.#.#.# #...........######
######.#.#.#.# #..####.#.........
....8#.#.#.#.###...###.#..#.#####
######.#.#.#.##.@(..##...........
#.####.#.#.#.##.#'#.#####...#####
☼..###.#.#.#.##)#.#...[[>.....###
..☼.##...#..Z...#.#.#######.#.##.
§.☼###..........#.#...# #.....##.
#.####.........##.##..# #.#.####.
######..>).....#...#.W# #.#.####.
########.......#._.#..#####......
#........###(#...#...##.#######


You could see a +1 scimitar of chaos.

Vanquished Creatures
  A two-headed ogre (D:9)
  A kobold demonologist (D:9)
  2 hornets (D:9)
  8 yaks
  2 steam dragons
  A two-headed ogre zombie (D:9)
  3 orc warriors (D:9)
  A black bear (D:5)
  An ogre (D:7)
  2 centaurs (D:7)
  3 phantoms
  2 kobold brigands
  Blork the orc (D:4)
  2 bullfrogs
  A wyvern zombie (D:9)
  2 scorpions
  2 water moccasin skeletons
  2 troll zombies (D:9)
  2 wights (D:8)
  12 killer bees
  An electric eel (D:7)
  2 howler monkeys
  2 bullfrog zombies (D:5)
  A centaur zombie (D:5)
  3 hounds
  2 jellies
  6 orc priests
  2 centaur skeletons
  3 iguanas
  10 orc wizards
  5 ogre zombies (D:9)
  7 adders
  A shadow imp (D:6)
  A white imp (D:6)
  An ufetubus (D:6)
  An adder skeleton (D:4)
  4 worms
  A dart slug (D:10)
  28 orcs
  5 endoplasms
  2 giant cockroaches
  10 goblins
  3 hobgoblins
  16 kobolds
  2 quokkas (D:2)
  5 ball pythons
  A bat (D:2)
  A goblin skeleton (D:9)
  A goblin zombie (D:9)
  4 hobgoblin zombies (D:9)
  An orc skeleton (D:9)
  13 orc zombies
  3 rats
199 creatures vanquished.

Vanquished Creatures (collateral kills)
  A cyclops (D:8)
  A wyvern (D:8)
  3 yaks (D:9)
  A vampire mosquito (D:8)
  An orc warrior (D:8)
  A necrophage (D:8)
  A phantom (D:9)
  A wyvern zombie (D:7)
  2 killer bees (D:8)
  3 wights (D:8)
  An orc wizard (D:9)
  An ufetubus (D:7)
  2 orcs
  2 goblin zombies (D:9)
  A hobgoblin zombie (D:9)
  An orc skeleton (D:9)
  An orc zombie (D:9)
24 creatures vanquished.

Vanquished Creatures (others)
  A hornet zombie (D:9)
  6 yak zombies
  A centaur zombie (D:7)
  A bullfrog zombie (D:8)
  3 killer bee zombies (D:8)
  A necrophage zombie (D:8)
  An iguana zombie (D:7)
  11 orc zombies
  3 kobold zombies
28 creatures vanquished.

Grand Total: 251 creatures vanquished

Notes
Turn   | Place    | Note
-------+----------+-------------------------------------------
     0 | D:1      | Essalna the Draconian Conjurer began the quest for the Orb.
     0 | D:1      | Reached XP level 1. HP: 14/14 MP: 3/3
   699 | D:1      | Reached XP level 2. HP: 20/20 MP: 3/5
  1862 | D:2      | Reached XP level 3. HP: 25/26 MP: 1/7
  1866 | D:2      | Learned a level 3 spell: Stone Arrow
  2343 | D:2      | Found a shimmering blue altar of Sif Muna.
  2607 | D:2      | Found a faded altar of an unknown god.
  3406 | D:3      | Reached XP level 4. HP: 33/33 MP: 4/8
  3823 | D:4      | Noticed a scorpion
  3830 | D:4      | Killed a scorpion
  3831 | D:4      | Reached skill level 5 in Conjurations
  3831 | D:4      | Reached skill level 1 in Earth Magic
  3885 | D:4      | Reached XP level 5. HP: 38/38 MP: 6/10
  4811 | D:4      | Reached XP level 6. HP: 45/45 MP: 7/11
  5273 | D:4      | Noticed Blork the orc
  5277 | D:4      | Killed Blork the orc
  5457 | D:5      | Entered Level 5 of the Dungeon
  5460 | D:5      | Reached skill level 1 in Shields
  5662 | D:5      | Your scales start taking on a glossy black colour.
  5662 | D:5      | Reached XP level 7. HP: 50/50 MP: 6/13
  5662 | D:5      | Gained mutation: You are resistant to electric shocks.
                  | (rElec) [Black Draconian growth]
  5963 | D:5      | Found a bloodstained altar of Trog.
  6863 | D:6      | Noticed a steam dragon
  6933 | D:6      | Killed a steam dragon
  6934 | D:6      | Reached skill level 5 in Spellcasting
  6934 | D:6      | Reached XP level 8. HP: 56/57 MP: 5/15
  7401 | D:6      | Found an ancient bone altar of Kikubaaqudgha.
  7585 | D:7      | Found a staircase to the Ecumenical Temple.
  7601 | Temple   | Entered the Ecumenical Temple
  7743 | Temple   | Became a worshipper of Yredelemnul the Dark
  8146 | D:7      | Found a hide-covered altar of Uskayaw.
  8146 | D:7      | Noticed a +0 dagger
  8146 | D:7      | Noticed a +0 short sword
  8146 | D:7      | Noticed a +0 spear
  8147 | D:7      | Reached * piety under Yredelemnul
  8154 | D:7      | Noticed a +0 dagger
  8154 | D:7      | Noticed a +0 short sword
  8156 | D:7      | Noticed a +0 spear
  8156 | D:7      | Noticed a +0 falchion
  8157 | D:7      | Noticed a +0 falchion
  8685 | D:7      | Identified the +0 robe of Undesirable Species {Int+4}
  9029 | D:7      | Found a radiant altar of Vehumet.
  9318 | D:8      | Gained mutation: Your muscles are strong. (Str +2) [potion
                  | of mutation]
  9318 | D:8      | Gained mutation: Your large and strong wings let you fly.
                  | [potion of mutation]
  9332 | D:8      | Reached XP level 9. HP: 16/62 MP: 1/18
  9784 | D:8      | Reached skill level 5 in Earth Magic
 10014 | D:8      | Reached ** piety under Yredelemnul
 10263 | D:8      | Identified the +2 dagger "Emempemi" {freeze, Str+3}
 10324 | D:8      | Noticed a cyclops
 10343 | D:8      | Killed a cyclops
 10344 | D:8      | Reached *** piety under Yredelemnul
 10541 | D:8      | Learned a level 7 spell: Ozocubu's Refrigeration
 10631 | D:8      | Reached skill level 1 in Fighting
 11048 | D:9      | Found a staircase to the Orcish Mines.
 11054 | D:9      | Reached skill level 1 in Ice Magic
 11237 | D:9      | Noticed a kobold demonologist
 11307 | D:9      | Noticed a smoke demon
 11308 | D:9      | Killed a kobold demonologist
 11309 | D:9      | Reached XP level 10. HP: 73/73 MP: 14/21
 11431 | D:9      | Noticed a two-headed ogre
 11436 | D:9      | Killed a two-headed ogre
 11546 | D:9      | Found a sparkling altar of Nemelex Xobeh.
 12073 | D:9      | Found a hazy altar of Hepliaklqana.
 12113 | D:9      | HP: 1/77 [orc warrior (10)]
 13297 | D:10     | Entered Level 10 of the Dungeon
 13513 | D:10     | Found a snail-covered altar of Cheibriados.
 13650 | D:10     | Noticed a two-headed ogre
 13744 | D:9      | Reached skill level 5 in Fighting
 13942 | D:9      | Paralysed by a hornet for 3 turns
 14106 | D:9      | Reached XP level 11. HP: 49/88 MP: 19/23
 14300 | D:9      | Found a glowing golden altar of the Shining One.
 14404 | D:9      | Found a runed translucent door.
 14404 | D:9      | Found a shimmering altar of Xom.
 14404 | D:9      | Noticed IndexError's ghost (novice GnSu)
 14450 | D:9      | Noticed a +1 scimitar of chaos
 14480 | D:9      | Slain by a +1 scimitar of chaos

Illustrated notes

Levels and vault maps discovered:
D:1:      matt_arrival_grand_opening, layout_loops_corners
D:2:      layout_loops_corners, basic_altar,
          shapermc_ecumenical_altar_hornbeckon
D:3:      layout_basic, serial_corexii_hall, chequers_hall_statues_corner_a,
          corexii_hall_statues_x, corexii_hall_statues_x,
          chequers_hall_statues_y, hangedman_decor_push,
          hangedman_decor_peaks_small
D:4:      layout_loops_ring, uniq_blork_the_orc
D:5:      layout_rooms, lemuel_doored_altar
D:6:      layout_gridville, kiku_gazebo_pond_becter, minmay_misc_feat_plants,
          ldierk_geyser
D:7:      layout_layer_cave, nicolae_uskayaw_en_pointe,
          mainiacjoe_overflow_paths, minmay_temple_entry_grid, kennysheep_potato
D:8:      hangedman_cross_stitches, layout_layer_cave
D:9:      layout_basic, mainiacjoe_overflow_surrounded_room,
          mainiacjoe_overflow_alcove_4, nemelex_altar_shiori, zombieorc2_lemuel,
          ebering_ghost_xom
D:10:     layout_basic, kennysheep_mini, kennysheep_slug_shrine, serial_curves,
          eino_curves_04, eino_curves_01, eino_curves_01
Temple:   nicolae_temple_god_jail

Skill      XL: |  1  2  3  4  5  6  7  8  9 10 |
---------------+-------------------------------+-----
Spellcasting   | 3 4 5 6 7 8 |  8.7
Conjurations   | 5 6 7 8 |  8.7
Earth Magic    | 1 2 2 3 4 6 |  6.0
Shields        | 1 3 4 |  4.0
Dodging        | 2 4 |  4.8
Fighting       | 2 5 |  5.2
Ice Magic      | 2 4 |  4.7
Stealth        | |  1.7

Action                   |  1- 3 |  4- 6 |  7- 9 | 10-12 || total
-------------------------+-------+-------+-------+-------++-------
Melee: Staff             |    14 |     8 |    43 |   139 ||   204
       Tailslap          |     2 |     1 |     3 |    32 ||    38
 Cast: Magic Dart        |    90 |    37 |     3 |     4 ||   134
       Stone Arrow       |       |    26 |   101 |    97 ||   224
 Abil: Breathe Lightning |       |       |     3 |       ||     3
Evoke: Wand              |       |       |       |     2 ||     2
  Use: Scroll            |       |     5 |       |     1 ||     6
       Potion            |       |       |     4 |       ||     4
Armor: Skin              |     3 |     7 |    26 |    60 ||    96
Dodge: Dodged            |    18 |    17 |    59 |    95 ||   189
Block: Buckler           |       |       |    14 |    25 ||    39

Table legend: (Time is in decaauts)
 A = Elapsed time spent in this place.
 B = Non-inter-level travel time spent in this place.
 C = Inter-level travel time spent in this place.
 D = Time resting spent in this place.
 E = Time spent auto-exploring this place.
 F = Levels seen in this place.
 G = Mean time per level.
                   A        B        C        D        E       F      G
               +--------+--------+--------+--------+--------+-----+--------+
         Total |  14553 |  14215 |    338 |    321 |  12237 |  11 | 1323.0 |
       Dungeon |  14393 |  14071 |    322 |    321 |  12115 |  10 | 1439.3 |
        Temple |    160 |    144 |     16 |      0 |    122 |   1 |  160.0 |
               +--------+--------+--------+--------+--------+-----+--------+

Top non-repeatable levels by time:
     D:9: 2756 daAuts
     D:8: 2152 daAuts
     D:2: 1544 daAuts
     D:7: 1538 daAuts
     D:4: 1409 daAuts
     D:3: 1281 daAuts
     D:1: 1233 daAuts
     D:6: 1089 daAuts
     D:5: 1015 daAuts
    D:10: 371 daAuts
  Temple: 160 daAuts
